 Dungeon Crawl Stone Soup version 0.30-a0-29-g142975f185 (webtiles) character file.

Game seed: 15940629945731848355

146092 Kenerdel the Imperceptible (level 16, -11/84 HPs)
             Began as a Spriggan Enchanter on Aug 26, 2022.
             Was the Champion of Dithmenos.
             Shot with an arrow by a naga sharpshooter (28 damage)
             ... on level 3 of the Snake Pit.
             The game lasted 01:21:24 (35978 turns).

Kenerdel the Imperceptible (Spriggan Enchanter)    Turns: 35978, Time: 01:21:25

Health: -11/84     AC: 14    Str: 21    XL:     16   Next: 88%
Magic:  37/38      EV: 27    Int: 17    God:    Dithmenos [******]
Gold:   4373       SH:  0    Dex: 17    Spells: 31/50 levels left

rFire   + + .      SeeInvis +    j - +8 dagger (venom)
rCold   + . .      Faith    .    (no shield)
rNeg    . . .      Spirit   .    u - +2 steam dragon scales
rPois   +          Reflect  .    (helmet restricted)
rElec   +          Harm     .    L - +2 cloak {Stlth+}
rCorr   +          Rampage  .    (gloves unavailable)
Will    ++...                    (boots unavailable) Stlth *********+
                                 r - amulet of the Sheltering Genius {RegenMP rF+ Str+3 Slay+2}
HPRegen 0.24/turn                l - +4 ring of protection
MPRegen 0.66/turn                N - ring "Zihopr Sias" {Contam Str+8 Slay+4 Stlth+}

@: resistant, wreathed by umbra, very quick
A: very small, no large weapons, unfitting armour, see invisible, speed 3,
talons 1, passive freeze, MP-powered wands
a: Renounce Religion, Shadow Step, Shadow Form


You were on level 3 of the Snake Pit.
You worshipped Dithmenos.
Dithmenos was exalted by your worship.
You visited 5 branches of the dungeon, and saw 26 of its levels.
You visited 1 bazaar.
You also visited: Ossuary and Gauntlet.

You collected 5941 gold pieces.
You spent 1568 gold pieces at shops.

Inventory:

Hand Weapons
 f - a +0 dagger of electrocution
 j - a +8 dagger of venom (weapon)
 H - a +4 dagger
 I - the +2 dagger of Vijofoest {venom, rCorr}
   (You found it on level 10 of the Dungeon)

   It poisons the flesh of those it strikes.
   rCorr:     It protects you from acid and corrosion.
 O - the +7 short sword "Uklon" {pain, rN+++ MP-9 Dex+5}
   (You found it on level 12 of the Dungeon)

   In the hands of one skilled in necromantic magic, it inflicts extra damage on
   living creatures.
   Dex:       It affects your dexterity (+5).
   rN:        It renders you almost immune to negative energy.
   MP:        It affects your magic capacity (-9).
Missiles
 s - 2 throwing nets (quivered)
 P - 3 curare-tipped darts
Armour
 u - +2 steam dragon scales (worn)
 L - a +2 cloak of stealth (worn)
 R - a +1 robe of cold resistance
Jewellery
 d - a ring of flight
 l - a +4 ring of protection (left hand)
 o - a ring of protection from cold
 r - the amulet of the Sheltering Genius (around neck) {RegenMP rF+ Str+3 Slay+2}
   (You found it on level 5 of the Dungeon)

   [amulet of magic regeneration]

   It increases your rate of magic regeneration.
   Str:       It affects your strength (+3).
   Slay:      It affects your accuracy & damage with ranged weapons and melee
   (+2).
   rF:        It protects you from fire.
 x - a ring of protection from fire
 y - the ring of Disaster {rN+ Will+}
   (You found it in an ossuary)

   [ring of willpower]

   rN:        It protects you from negative energy.
   Will:      It increases your willpower.
 D - a +6 ring of intelligence
 N - the ring "Zihopr Sias" (right hand) {Contam Str+8 Slay+4 Stlth+}
   (You acquired it on level 11 of the Dungeon)

   [ring of slaying]

   Str:       It affects your strength (+8).
   Slay:      It affects your accuracy & damage with ranged weapons and melee
   (+4).
   Contam:    It causes magical contamination when unequipped.
   Stlth:     It makes you more stealthy.
 Q - a ring of ice
 S - the ring of Sif Muna's Anger {EV+4 Dex+4}
   (You found it on level 5 of the Lair of Beasts)

   [ring of evasion]

   EV:        It affects your evasion (+4).
   Dex:       It affects your dexterity (+4).
 U - a ring of wizardry
Wands
 a - a wand of digging (8)
 b - a wand of mindburst (15)
 B - a wand of charming (24)
 E - a wand of flame (25)
 T - a wand of iceblast (3)
Scrolls
 k - 4 scrolls of blinking
 n - 2 scrolls of immolation
 p - 9 scrolls of teleportation
 t - 7 scrolls of fear
 v - 13 scrolls of identify
 C - 3 scrolls of magic mapping
 G - a scroll of fog
 M - 2 scrolls of brand weapon
Potions
 e - 3 potions of curing
 g - 5 potions of magic
 h - 2 potions of haste
 m - 5 potions of brilliance
 q - a potion of berserk rage
 w - 4 potions of lignification
 z - 2 potions of flight
 A - 2 potions of resistance
 F - 3 potions of cancellation
 J - 4 potions of ambrosia
 K - 8 potions of mutation
Miscellaneous
 c - a box of beasts
 i - a phial of floods


   Skills:
 + Level 9.0 Fighting
 - Level 12.0 Short Blades
 + Level 14.1 Dodging
 + Level 21.9 Stealth
 + Level 17.7 Spellcasting
 + Level 17.8 Hexes


You had 31 spell levels left.
You knew the following spells:

 Your Spells              Type           Power      Damage    Failure   Level
a - Ensorcelled Hibernat  Hex/Ice        90%        N/A       1%          2
b - Tukima's Dance        Hex            66%        N/A       0%          3
c - Dazzling Flash        Conj/Hex       90%        N/A       1%          3
d - Confusing Touch       Hex            66%        N/A       0%          3
e - Summon Guardian Gole  Hex/Summ       45%        N/A       1%          3
f - Scorch                Fire           30%        2d7       6%          2
g - Stone Arrow           Conj/Erth      30%        3d8       12%         3

Your spell library contained the following spells:

 Spells                   Type           Power      Damage    Failure   Level
 Inner Flame              Hex/Fire       45%        N/A       1%          3
 Anguish                  Hex/Necr       22%        N/A       1%          4
 Summon Mana Viper        Hex/Summ       45%        N/A       2%          5
 Beastly Appendage        Tmut           30%        N/A       3%          1
 Foxfire                  Conj/Fire      60%        2x1d7     3%          1
 Sandblast                Erth           30%        2d9       3%          1
 Shock                    Conj/Air       60%        1d6       3%          1
 Summon Small Mammal      Summ           60%        N/A       3%          1
 Passwall                 Tmut/Erth      12%        N/A       6%          2
 Poisonous Vapours        Pois/Air       30%        N/A       6%          2
 Static Discharge         Conj/Air       30%        3-5/arc   6%          2
 Call Canine Familiar     Summ           15%        N/A       12%         3
 Conjure Flame            Conj/Fire      15%        6-21      12%         3
 Gell's Gravitas          Tloc           15%        N/A       12%         3
 Ignite Poison            Fire/Tmut/Pois 15%        N/A       12%         3
 Lesser Beckoning         Tloc           15%        N/A       12%         3
 Mephitic Cloud           Conj/Pois/Air  15%        N/A       12%         3
 Swiftness                Air            15%        N/A       12%         3
 Teleport Other           Tloc           15%        N/A       12%         3
 Airstrike                Air            7%         2d(2-18)  36%         4
 Dispel Undead            Necr           15%        3d10      36%         4
 Flame Wave               Conj/Fire      15%        2d7       36%         4
 Ice Form                 Ice/Tmut       15%        N/A       36%         4
 Iskenderun's Mystic Bla  Conj/Tloc      15%        2d5       36%         4
 Sticky Flame             Conj/Fire      15%        2d4       36%         4
 Alistair's Intoxication  Tmut/Pois      10%        N/A       71%         5
 Borgnjor's Vile Clutch   Necr/Erth      7%         N/A       71%         5
 Summon Forest            Summ/Tloc      7%         N/A       71%         5
 Conjure Ball Lightning   Conj/Air       7%         3x3d6     99%         6
 Eringya's Noxious Bog    Tmut/Pois      7%         N/A       99%         6
 Summon Cactus Giant      Summ           7%         N/A       99%         6
 Storm Form               Tmut/Air       7%         N/A       100%        7


Dungeon Overview and Level Annotations

Branches:
Dungeon (15/15)            Temple (1/1) D:4            Lair (5/5) D:11
 Shoals (0/4) Lair:3        Snake (3/4) Lair:2        Slime (0/5) Lair:5
    Orc (2/2) D:11            Elf (0/3) Orc:2        Vaults (0/5) D:14
 Depths (0/4) D:15        Ossuary (visited)         Gauntlet (visited)

Altars:
Ashenzari
Dithmenos
Elyvilon
Gozag
Hepliaklqana
Okawaru
Ru
Vehumet
Wu Jian
Xom
Yredelemnul
Zin
Jiyva

Shops:
D:9 *   D:10 [   D:12 *   D:15 ?   Orc:1 :   Orc:2 *([=   Snake:2 (

Portals:
Trove: D:11 (show slimy rune of Zot)


Innate Abilities, Weirdness & Mutations

You are very small and have problems with some larger weapons.
You are too small for most types of armour.
You have supernaturally acute eyesight. (SInv)
You cover ground extremely quickly. (Speed+++)
You have sharp toenails.
A frigid envelope surrounds you and freezes all who hurt you.
You expend magic power (3 MP) to strengthen your wands.


Message History

You are poisoned.
The naga completely misses you. The naga constricts you.
Unknown command.
Casting: Ensorcelled Hibernation (safe; 1% risk of failure)
Confirm with . or Enter, or press ? or * to list all spells.
Aiming: Tukima's Dance (safe; 0% risk of failure)
Press: ? - help, Shift-Dir - straight line, f/p - naga sharpshooter
Aim: a naga sharpshooter, wielding a +0 battleaxe (catching its breath, umbra, chance to affect: 28%)
The naga sharpshooter easily resists.
You feel sick. The naga misses you. The naga constricts you.
The naga sharpshooter unwields a +0 battleaxe.
The naga sharpshooter wields a +0 shortbow.
The naga sharpshooter shoots an arrow.
The arrow hits you.
You escape the naga's grasp.
The naga sharpshooter casts a spell.
The naga sharpshooter magically shoots an arrow.
The arrow hits you!!
You feel sick.
The naga sharpshooter shoots an arrow.
The arrow hits you!!
A naga is nearby!
You feel sick.
You feel sick. The naga misses you. The naga completely misses you.
The naga sharpshooter casts a spell.
The naga sharpshooter magically shoots an arrow.
The arrow hits you!
* * * LOW HITPOINT WARNING * * *
You are too injured to fight recklessly!
You are too injured to fight recklessly!
Unknown command.
You feel protected.
You feel sick.
You are no longer poisoned.
The naga sharpshooter gestures wildly while chanting.
The naga sharpshooter magically shoots an arrow.
The arrow completely misses you. The naga spits poison at you.
The splash of poison misses you.
The naga sharpshooter mumbles some strange words.
The naga sharpshooter magically shoots an arrow.
The arrow hits you!!
You die...

...## #.........#
#<.<#..# ....#
##.......####...#..#
....#
##.....##..##<##..#
....# ########.
###...# ...## N.
#.....# ..## ##.#
##.#..# ###
#NN#####..#..#
###N##.....##..#
#..@...######..#
....).#.#### #..#
....###.# ..# ...
#.# ## ).# ###


You could see 2 naga sharpshooters and 2 nagas.

Vanquished Creatures
  Agnes (D:15)
  A tengu reaver (D:12)
  3 frost giants (D:12)
  An orc warlord (Orc:1)
  A stone giant (D:12)
  The ghost of Plasmagod the Eclecticist, a journeyman DECj of Vehumet (Orc:1)
  A minotaur (Gauntlet)
  Azrael (Orc:2)
  Snorg (Orc:2)
  A yaktaur captain (D:12)
  Fannar (Lair:3)
  2 salamander tyrants
  9 hydras
  4 vault guards (D:14)
  2 ogre magi
  A merfolk avatar (Lair:5)
  5 boulder beetles
  2 catoblepae
  9 two-headed ogres
  5 centaur warriors
  5 death yaks (Lair:3)
  3 anacondas
  A tengu warrior (D:13)
  4 naga warriors
  3 orc high priests
  7 naga sharpshooters
  4 salamander mystics
  4 shock serpents (Snake:1)
  Sonja (Lair:2)
  5 skeletal warriors (D:13)
  6 sea snakes
  A harpy (shapeshifter) (D:15)
  2 naga ritualists
  A deep elf pyromancer (D:12)
  A wizard (D:14)
  5 orc knights
  10 cyclopes
  A necromancer (D:15)
  4 manticores
  8 mana vipers
  12 salamanders
  4 ugly things
  Maurice (D:10)
  7 orc sorcerers
  4 elephants
  21 black mambas
  6 naga magi
  2 guardian serpents
  A centaur skeleton (D:15)
  A gargoyle (D:11)
  19 cane toads
  2 torpor snails
  4 unseen horrors
  A freezing wraith (D:12)
  3 kobold demonologists
  7 rime drakes
  12 komodo dragons
  2 efreet
  2 tengu conjurers (D:13)
  13 trolls
  4 polar bears
  A wolf spider simulacrum (D:15)
  11 blink frogs
  2 hornets
  2 snapping turtles
  Prince Ribbit (D:8)
  10 wraiths
  2 dancing weapons
  6 wyverns
  6 shadows (D:11)
  7 basilisks
  46 yaks
  2 vampires (D:11)
  2 fire elementals
  A fire bat (shapeshifter) (D:15)
  8 humans (D:14)
  A redback (D:12)
  3 steam dragons
  2 vampire mosquitoes (D:13)
  28 nagas
  3 swamp worms (Gauntlet)
  5 wargs
  An acid dragon (D:11)
  4 hell hounds
  22 water moccasins
  45 orc warriors
  A sky beast (D:6)
  2 meliai simulacra
  4 black bears
  An ice beast (D:7)
  9 wolves
  6 ogres
  6 centaurs
  2 kobold brigands
  8 bullfrogs
  3 gnoll sergeants
  A necrophage (D:5)
  2 scorpions
  A wight (D:8)
  3 killer bees (D:9)
  2 electric eels
  3 howler monkeys (D:7)
  6 centaur zombies
  2 jellies
  7 hounds
  27 orc priests
  2 iguanas
  25 orc wizards
  A hell rat (Lair:5)
  3 ogre zombies (Ossuary)
  7 mummies (Ossuary)
  18 gnolls
  4 adders
  An ufetubus (D:5)
  6 adder zombies (Ossuary)
  3 worms
  3 dart slugs
  109 orcs
  10 endoplasms
  4 giant cockroaches
  8 goblins
  5 hobgoblins
  6 jackals
  4 quokkas
  7 ball pythons
  5 bats
  14 frilled lizards
  2 gnoll zombies (Ossuary)
  3 goblin zombies (Ossuary)
  3 hobgoblin zombies (Ossuary)
  17 kobolds
  4 kobold zombies (Ossuary)
  An orc zombie (Ossuary)
  4 quokka zombies
  4 rats
  4 rat zombies
860 creatures vanquished.

Vanquished Creatures (collateral kills)
  A two-headed ogre (Orc:1)
  A naga warrior (Snake:2)
  A naga ritualist (Snake:3)
  A naga mage (Snake:3)
  A naga (Snake:1)
  2 orc warriors (Orc:2)
  2 wights (D:8)
  2 orc priests
  3 gnolls (D:5)
  7 orcs
21 creatures vanquished.

Vanquished Creatures (others)
  19 dancing weapons
  An orc wizard (Orc:2)
  An orc (Orc:2)
  58 fungi
  86 plants
  2 withered plants
167 creatures vanquished.

Grand Total: 1048 creatures vanquished

Notes
Turn   | Place    | Note
-------+----------+-------------------------------------------
     0 | D:1      | Kenerdel the Spriggan Enchanter began the quest for the
                  | Orb.
     0 | D:1      | Reached XP level 1. HP: 9/9 MP: 5/5
   229 | D:1      | Reached XP level 2. HP: 8/13 MP: 7/7
   359 | D:2      | Learned a level 2 spell: Ensorcelled Hibernation
   497 | D:1      | Gained mutation: Your body sometimes deteriorates upon
                  | taking damage. [potion of mutation]
   827 | D:1      | Found a faded altar of an unknown god.
   900 | D:1      | Reached XP level 3. HP: 13/16 MP: 9/9
   904 | D:1      | Learned a level 3 spell: Tukima's Dance
   908 | D:1      | Learned a level 3 spell: Confusing Touch
  2405 | D:2      | Reached skill level 5 in Hexes
  2405 | D:2      | Reached XP level 4. HP: 16/21 MP: 11/11
  3362 | D:3      | Reached XP level 5. HP: 23/24 MP: 13/13
  3862 | D:4      | Reached skill level 5 in Spellcasting
  4212 | D:4      | Reached skill level 5 in Stealth
  4320 | D:4      | Found a staircase to the Ecumenical Temple.
  4339 | Temple   | Entered the Ecumenical Temple
  4474 | Temple   | Became a worshipper of Dithmenos the Shadowed
  4808 | D:4      | Reached XP level 6. HP: 28/28 MP: 13/15
  4830 | D:4      | Got the Papyrus of Destructive Moulding
  5190 | D:5      | Entered Level 5 of the Dungeon
  5206 | D:5      | Reached skill level 6 in Stealth
  5259 | D:5      | Identified the amulet of the Sheltering Genius {RegenMP rF+
                  | Str+3 Slay+2}
  5465 | D:5      | Reached XP level 7. HP: 27/32 MP: 13/17
  5575 | D:5      | Identified the +7 trident "Waunkila" {freeze, rC+ Dex+3}
  5696 | D:5      | Reached skill level 7 in Stealth
  5700 | D:5      | Learned a level 3 spell: Dazzling Flash
  5704 | D:5      | Learned a level 3 spell: Summon Guardian Golem
  5707 | D:5      | Learned a level 2 spell: Scorch
  5773 | D:5      | Reached * piety under Dithmenos
  6157 | D:6      | Reached skill level 8 in Stealth
  6267 | D:6      | Reached XP level 8. HP: 19/36 MP: 19/19
  6619 | D:6      | Reached skill level 9 in Stealth
  7352 | D:7      | Identified the -2 pair of boots of Likeph {rF+ Will+ Dex-3}
  7391 | D:7      | Reached skill level 10 in Stealth
  7565 | D:7      | Reached ** piety under Dithmenos
  7589 | D:7      | Reached XP level 9. HP: 39/39 MP: 20/23
  8371 | D:7      | Reached skill level 11 in Stealth
  8782 | D:8      | Lost mutation: Your body sometimes deteriorates upon taking
                  | damage. [potion of mutation]
  8782 | D:8      | Gained mutation: You have sharp toenails. [potion of
                  | mutation]
  8782 | D:8      | Gained mutation: You expend magic power (3 MP) to
                  | strengthen your wands. [potion of mutation]
  8782 | D:8      | Gained mutation: A frigid envelope surrounds you and
                  | freezes all who hurt you. [potion of mutation]
  8839 | D:8      | Reached skill level 10 in Hexes
  9190 | D:8      | Reached skill level 12 in Stealth
  9190 | D:8      | Reached skill level 10 in Spellcasting
  9210 | D:8      | Noticed Prince Ribbit
  9243 | D:8      | Found a sand-covered staircase.
  9261 | Ossuary  | Entered an ossuary
  9322 | Ossuary  | Reached *** piety under Dithmenos
  9848 | Ossuary  | Identified the ring of Disaster {rN+ Will+}
 10188 | D:8      | Reached **** piety under Dithmenos
 10204 | D:8      | Killed Prince Ribbit
 10413 | D:9      | Reached XP level 10. HP: 37/44 MP: 25/25
 10428 | D:9      | Reached skill level 13 in Stealth
 10857 | D:9      | Found a glowing silver altar of Zin.
 10931 | D:9      | Identified the +1 leather armour "Vitsics" {rF- rN++ SInv}
 11158 | D:9      | Identified the +0 ring mail of Lycug {+Blink rPois Int-4
                  | Stlth-}
 11193 | D:9      | Found Huch's Assorted Antiques.
 11202 | D:9      | Bought a silvery potion for 22 gold pieces
 11491 | D:9      | Noticed a purple ugly thing
 11493 | D:9      | Killed a purple ugly thing
 11599 | D:10     | Entered Level 10 of the Dungeon
 11693 | D:10     | Reached skill level 14 in Stealth
 11846 | D:10     | Found a sacrificial altar of Ru.
 11846 | D:10     | Noticed Maurice
 11923 | D:10     | Killed Maurice
 11940 | D:10     | Noticed an ogre mage
 11966 | D:10     | Killed an ogre mage
 11987 | D:10     | Noticed a cyan ugly thing
 11991 | D:10     | Reached skill level 15 in Stealth
 11991 | D:10     | Reached XP level 11. HP: 43/47 MP: 24/28
 11993 | D:10     | Killed a cyan ugly thing
 12041 | D:10     | Noticed an orc knight
 12043 | D:10     | Noticed a brown ugly thing
 12097 | D:10     | Killed a brown ugly thing
 12104 | D:10     | Killed an orc knight
 12229 | D:10     | Noticed a centaur warrior
 12243 | D:10     | Killed a centaur warrior
 12246 | D:10     | Identified the +2 dagger of Vijofoest {venom, rCorr}
 12572 | D:10     | Reached skill level 16 in Stealth
 12581 | D:10     | Reached skill level 1 in Fighting
 12593 | D:10     | Reached ***** piety under Dithmenos
 13134 | D:10     | Found Vetirgh's Armour Boutique.
 13140 | D:10     | Bought a +2 cloak of stealth for 279 gold pieces
 13317 | D:11     | Found a portal to a secret trove of treasure.
 13428 | D:11     | Noticed a two-headed ogre
 13433 | D:11     | Reached skill level 5 in Dodging
 13464 | D:11     | Killed a two-headed ogre
 13465 | D:11     | Reached XP level 12. HP: 27/56 MP: 26/30
 14010 | D:11     | Found a staircase to the Orcish Mines.
 14086 | D:11     | Found a staircase to the Lair.
 14256 | D:11     | Noticed a two-headed ogre
 14269 | D:11     | Killed a two-headed ogre
 14502 | D:11     | Reached skill level 17 in Stealth
 14544 | D:11     | Identified 3 scrolls of acquirement
 14544 | D:11     | Acquired the ring "Zihopr Sias" {Contam Str+8 Slay+4
                  | Stlth+}
 14748 | D:12     | Found a flickering gateway to a bazaar.
 14755 | Bazaar   | Entered a bazaar
 14759 | Bazaar   | Found Sicvack's Jewellery Boutique.
 14781 | Bazaar   | Found Affyzin's Antique Weapon Emporium.
 14802 | Bazaar   | Found Kyxe Byha's Book Boutique.
 14822 | Bazaar   | Found Diziar's Book Shoppe.
 14880 | D:12     | Noticed a two-headed ogre
 14887 | D:12     | Killed a two-headed ogre
 14888 | D:12     | Reached skill level 5 in Short Blades
 14920 | D:12     | Found Buhosch's Assorted Antiques.
 15292 | D:12     | Identified the +3 quarterstaff of Zin's Hope {flame, *Noise
                  | Int+5}
 15581 | D:12     | Noticed a centaur warrior
 15583 | D:12     | Killed a centaur warrior
 15585 | D:12     | Noticed a boulder beetle
 15597 | D:12     | Killed a boulder beetle
 15598 | D:12     | Noticed an eight-headed hydra
 15599 | D:12     | Killed an eight-headed hydra
 15626 | D:12     | Noticed a tengu reaver
 15628 | D:12     | Killed a tengu reaver
 15636 | D:12     | Identified the +7 short sword "Uklon" {pain, rN+++ MP-9
                  | Dex+5}
 15664 | D:12     | Noticed a frost giant
 15664 | D:12     | Noticed a stone giant
 15666 | D:12     | Killed a frost giant
 15667 | D:12     | Reached skill level 10 in Short Blades
 15667 | D:12     | Reached XP level 13. HP: 56/60 MP: 27/31
 15671 | D:12     | Killed a stone giant
 15675 | D:12     | Identified the +7 battleaxe of Quick Death {vamp, *Corrode
                  | rElec rN+ Dex+2}
 15677 | D:12     | Got the Almanac of Inconstant Beguiling
 15761 | D:12     | Noticed a frost giant
 15764 | D:12     | Killed a frost giant
 15772 | D:12     | Got the Atlas of Conduction
 15918 | D:12     | Noticed a frost giant
 15918 | D:12     | Noticed a tengu reaver
 15939 | D:12     | Killed a frost giant
 15943 | D:12     | Noticed a deep elf annihilator
 16266 | D:12     | Got the Octavo of Grim Arcane Weapons
 16271 | D:12     | Learned a level 3 spell: Stone Arrow
 16661 | D:13     | Acquired 905 gold pieces
 16665 | D:13     | Acquired 495 gold pieces
 17712 | D:14     | Found a radiant altar of Vehumet.
 17940 | D:14     | Found a gate to the Vaults.
 18079 | D:14     | Reached skill level 18 in Stealth
 18079 | D:14     | Reached XP level 14. HP: 67/67 MP: 33/33
 18521 | D:15     | Entered Level 15 of the Dungeon
 18521 | D:15     | Noticed Agnes
 18524 | D:15     | Killed Agnes
 18718 | Lair:1   | Entered Level 1 of the Lair of Beasts
 18740 | Lair:1   | Reached skill level 5 in Fighting
 19406 | Lair:1   | Reached skill level 15 in Hexes
 19933 | Lair:2   | Noticed Sonja
 19935 | Lair:2   | Killed Sonja
 19971 | Lair:2   | Found a staircase to the Snake Pit.
 20142 | Lair:2   | Reached skill level 15 in Spellcasting
 20167 | Lair:2   | Identified the +11 falchion "Hohyfue" {distort, rElec rF+
                  | rCorr Dex-4}
 20415 | Lair:2   | Found a basalt altar of Yredelemnul.
 20801 | Lair:3   | Noticed Fannar
 20804 | Lair:3   | Killed Fannar
 21157 | Lair:3   | Reached skill level 10 in Dodging
 21157 | Lair:3   | Reached skill level 19 in Stealth
 21432 | Lair:3   | Found a staircase to the Shoals.
 21984 | Lair:4   | Reached ****** piety under Dithmenos
 22530 | Lair:5   | Entered Level 5 of the Lair of Beasts
 22792 | Lair:4   | Reached XP level 15. HP: 63/74 MP: 30/35
 23366 | Lair:5   | Found a staircase to the Slime Pits.
 23367 | Lair:5   | Found a viscous altar of Jiyva.
 24345 | Lair:5   | Identified the ring of Sif Muna's Anger {EV+4 Dex+4}
 25047 | Orc:1    | Entered Level 1 of the Orcish Mines
 25744 | Orc:1    | Reached skill level 20 in Stealth
 25796 | Orc:1    | Found Oreraif's Book Shop.
 25813 | Orc:1    | Found a runed translucent door.
 25814 | Orc:1    | Found a shimmering altar of Xom.
 25814 | Orc:1    | Noticed Plasmagod's ghost (journeyman DECj)
 25830 | Orc:1    | Killed Plasmagod's ghost
 26028 | Orc:2    | Entered Level 2 of the Orcish Mines
 26036 | Orc:2    | Noticed Snorg
 26042 | Orc:2    | Killed Snorg
 26044 | Orc:2    | Found a gate leading to a gauntlet.
 26083 | Gauntlet | Entered a Gauntlet
 26083 | Gauntlet | Found a runed translucent door.
 26083 | Gauntlet | Found a transporter.
 26083 | Gauntlet | Found a runed translucent door.
 26083 | Gauntlet | Found a transporter.
 26237 | Gauntlet | Found a transporter.
 26252 | Gauntlet | Found a transporter.
 26252 | Gauntlet | Found a transporter.
 26252 | Gauntlet | Found a transporter.
 26254 | Gauntlet | Found a transporter.
 26254 | Gauntlet | Found a transporter.
 26269 | Gauntlet | Found a transporter.
 26279 | Gauntlet | Found a transporter.
 26292 | Gauntlet | Found a transporter.
 26306 | Gauntlet | Found a transporter.
 26326 | Gauntlet | Found a transporter.
 26339 | Gauntlet | Found a transporter.
 26423 | Gauntlet | Identified the ring "Xuntasa" {rElec rC- rCorr Dex+6 SInv}
 26534 | Gauntlet | Identified the +2 cloak of the Elephant {Harm Dex+2}
 26873 | Orc:2    | Noticed an orc warlord
 26922 | Orc:1    | Killed an orc warlord
 27668 | Orc:2    | Noticed Azrael
 27674 | Orc:2    | Killed Azrael
 28398 | Orc:2    | Found a staircase to the Elven Halls.
 28612 | Orc:2    | Found Mejacog's Antique Weapon Shop.
 28614 | Orc:2    | Found Las Suru's Antique Armour Boutique.
 28682 | Orc:2    | Found Dinlerr's Jewellery Shoppe.
 28834 | Orc:2    | Found Erghouffe's General Store.
 28845 | Orc:2    | Bought a potion of ambrosia for 96 gold pieces
 28845 | Orc:2    | Bought a potion of berserk rage for 60 gold pieces
 28845 | Orc:2    | Bought a potion of mutation for 96 gold pieces
 28845 | Orc:2    | Bought a scroll of fog for 48 gold pieces
 29152 | D:15     | Found a staircase to the Depths.
 29739 | D:15     | Identified the +1 robe "Miom" {Rampage rF++ rC- rCorr}
 29886 | D:15     | Reached XP level 16. HP: 81/81 MP: 29/37
 29992 | D:15     | Found Essitsad's Magic Scroll Shoppe.
 30002 | D:15     | Bought a scroll of blinking for 97 gold pieces
 30002 | D:15     | Bought a scroll of enchant weapon for 97 gold pieces
 30002 | D:15     | Bought a scroll of acquirement for 676 gold pieces
 30002 | D:15     | Bought a scroll of enchant armour for 97 gold pieces
 30003 | D:15     | Acquired 802 gold pieces
 30084 | D:15     | Found a radiant altar of Vehumet.
 30426 | Snake:1  | Entered Level 1 of the Snake Pit
 31316 | Snake:1  | Reached skill level 21 in Stealth
 32851 | Snake:2  | Found a basalt altar of Yredelemnul.
 32869 | Snake:2  | Acquired 859 gold pieces
 33725 | Snake:2  | Found Seuses's Antique Weapon Shoppe.
 35628 | Snake:3  | Found a shimmering altar of Xom.
 35978 | Snake:3  | Shot with an arrow by a naga sharpshooter

Illustrated notes

Levels and vault maps discovered:
D:1:      minmay_arrival_hallway, layout_loops_ring,
          hellmonk_ecumenical_altar_blasted, nicolae_hexahallways
D:2:      layout_basic, minmay_lizard_king
D:3:      layout_rooms, corexii_hall_statues_s, minmay_misc_feat_columns
D:4:      layout_basic, minmay_temple_entry_statues_fountains,
          nicolae_underground_beach
D:5:      layout_basic
D:6:      layout_loops_ring
D:7:      layout_cave_pools, kennysheep_dice
D:8:      layout_basic, enter_ossuary_4, interstate_on_off, uniq_prince_ribbit1
D:9:      minmay_spotlight, layout_basic, zin_academy, serial_shops,
          nicolae_lakefront_shop
D:10:     hangedman_cross_cluster, layout_rooms, serial_shops,
          nicolae_square_shop, serial_curves, eino_curves_02, eino_curves_01,
          eino_curves_03, eino_curves_04, uniq_maurice
D:11:     layout_big_octagon, due_lair_maze_entry_diamond, david_orc_4,
          serial_undead, serial_undead_c, serial_undead_f, serial_undead_a,
          serial_undead_f, enter_trove_1, kennysheep_path_1
D:12:     minmay_tearing_corner, layout_stronghold, serial_shops,
          bzr_entry_dummy, shop, kennysheep_generic_room_12
D:13:     layout_loops_ring, kennysheep_small_circle
D:14:     layout_basic, ximxim_vaults_locker_room, lemuel_tele_altar
D:15:     grunt_enter_depths_magical_seal, layout_long_grid, serial_shops,
          nicolae_lakefront_shop, drop_trap, minivault_25_ag,
          fiery_altar_vehumet, uniq_agnes
Temple:   mainiacjoe_temple_trianglar_array
Lair:1:   layout_cave_pods, infiniplex_staircase_pool_2, lemuel_fruit_fields,
          grunt_megastairs_3
Lair:2:   layout_regular_city, minmay_snake_entry_guardpost_small, basic_altar,
          uniq_sonja
Lair:3:   layout_misc_corridors, minmay_shoals_entry_hut, beast_lair_carwin_5,
          uniq_fannar
Lair:4:   layout_roguey, lemuel_fruit_tree
Lair:5:   gammafunk_lair_ancient_temple, layout_loops_ring, slime_entry_1,
          st_stairs_10, chequers_serial_rivers_small_b
Snake:1:  layout_layer_cave, special_room, grunt_ministairs_6,
          serial_bayou_shore_b
Snake:2:  layout_chambers, basic_altar, serial_shops,
          nicolae_shop_overgrown_old_shop, grunt_megastairs_5
Snake:3:  nicolae_sea_snake_s, layout_rooms, basic_altar
Orc:1:    layout_caves, ebering_ghost_xom, serial_shops,
          nicolae_shop_advertising_works [nicolae_subvault_shop_adworks]
Orc:2:    grunt_orc_community_town_hall, layout_caves,
          grunt_orc_community_big_house_2, grunt_orc_community_big_house_2,
          grunt_orc_community_house_1, grunt_orc_community_house_2,
          grunt_orc_community_house_1, grunt_orc_community_house_3,
          grunt_orc_community_house_2, gauntlet_entry_generic, uniq_azrael,
          uniq_snorg

Skill      XL: |  1  2  3  4  5  6  7  8  9 10 11 12 13 14 15 16 |
---------------+-------------------------------------------------+-----
Spellcasting   | 3 4 5 6 7 9 10 12 13 14 15 16 17 | 17.7
Hexes          | 4 5 6 7 9 10 12 13 14 15 16 17 | 17.8
Stealth        | 5 6 8 10 12 15 16 17 18 19 20 21 | 21.9
Dodging        | 5 6 8 10 12 14 | 14.1
Fighting       | 2 3 4 6 7 9 |  9.0
Short Blades   | 3 10 12 | 12.0

Action                   |  1- 3 |  4- 6 |  7- 9 | 10-12 | 13-15 | 16-18 || total
-------------------------+-------+-------+-------+-------+-------+-------++-------
Melee: Dagger            |   165 |   164 |   272 |   279 |   839 |   290 ||  2009
       Punch             |     1 |     2 |     4 |     3 |     4 |     4 ||    18
       Kick              |       |       |    33 |    81 |   303 |   107 ||   524
Throw: Dart              |       |       |       |       |     4 |       ||     4
       Throwing net      |       |       |       |       |     3 |       ||     3
 Cast: Ensorcelled Hiber |     7 |    11 |    47 |    54 |    95 |    27 ||   241
       Tukima's Dance    |       |     7 |    25 |    14 |    26 |    40 ||   112
       Scorch            |       |       |     9 |       |       |       ||     9
       Confusing Touch   |       |       |     8 |    17 |     8 |     5 ||    38
       Dazzling Flash    |       |       |       |       |     7 |       ||     7
Invok: Shadow Step       |       |       |       |     1 |     5 |     3 ||     9
Evoke: Wand              |       |       |     2 |     8 |    20 |    11 ||    41
       Phial of floods   |       |       |       |       |     1 |       ||     1
  Use: Scroll            |     7 |     3 |    13 |     9 |    20 |     6 ||    58
       Potion            |     1 |       |     2 |     2 |    13 |     3 ||    21
 Stab: Sleeping          |    17 |    13 |    52 |    72 |   154 |    56 ||   364
       Distracted        |       |     1 |     2 |     2 |    15 |     4 ||    24
       Confused          |       |       |     3 |    15 |     7 |     4 ||    29
       Invisible         |       |       |     1 |     4 |    15 |       ||    20
       Held in net/web   |       |       |       |       |     1 |       ||     1
Armor: Robe              |    18 |    25 |    35 |       |       |       ||    78
       Steam dragon scal |       |       |    27 |    53 |   104 |    21 ||   205
Dodge: Dodged            |   125 |   111 |   276 |   214 |   675 |   177 ||  1578

Table legend: (Time is in decaauts)
 A = Elapsed time spent in this place.
 B = Non-inter-level travel time spent in this place.
 C = Inter-level travel time spent in this place.
 D = Time resting spent in this place.
 E = Time spent auto-exploring this place.
 F = Levels seen in this place.
 G = Mean time per level.
                   A        B        C        D        E       F      G
               +--------+--------+--------+--------+--------+-----+--------+
         Total |  27957 |  26978 |    979 |   5594 |  16229 |  29 |  964.0 |
       Dungeon |  15467 |  14800 |    667 |   3118 |   8886 |  15 | 1031.1 |
        Temple |     97 |     86 |     11 |      0 |     81 |   1 |   97.0 |
          Lair |   4594 |   4409 |    185 |    836 |   2688 |   5 |  918.8 |
     Snake Pit |   4437 |   4370 |     67 |    837 |   3003 |   3 | 1479.0 |
  Orcish Mines |   2258 |   2210 |     48 |    567 |   1088 |   2 | 1129.0 |
        Bazaar |     67 |     67 |      0 |      0 |     54 |   1 |   67.0 |
       Ossuary |    504 |    504 |      0 |    100 |    214 |   1 |  504.0 |
      Gauntlet |    530 |    530 |      0 |    135 |    211 |   1 |  530.0 |
               +--------+--------+--------+--------+--------+-----+--------+

Top non-repeatable levels by time:
 Snake:2: 2060 daAuts
  Lair:4: 1830 daAuts
    D:11: 1760 daAuts
 Snake:1: 1597 daAuts
     D:1: 1369 daAuts
   Orc:2: 1309 daAuts
     D:6: 1241 daAuts
     D:9: 1234 daAuts
     D:7: 1231 daAuts
    D:12: 1194 daAuts
    D:10: 1126 daAuts
    D:14: 1023 daAuts
     D:2: 981 daAuts
   Orc:1: 948 daAuts
  Lair:5: 929 daAuts
